 Dungeon Crawl Stone Soup version 0.24-a0-317-g5cb8de4 (webtiles) character file.

Game seed: 17098889483448732833

184 Borgoz the Slasher (level 5, -7/45 HPs)
             Began as a Hill Orc Gladiator on May 16, 2019.
             Mangled by a gnoll
             ... wielding a +0 flail
              (10 damage)
             ... on level 4 of the Dungeon.
             The game lasted 00:04:09 (2052 turns).

Borgoz the Slasher (Hill Orc Gladiator)             Turns: 2052, Time: 00:04:10

Health: -7/45      AC: 11    Str: 20 (22) XL:     5   Next: 64%
Magic:  5/5        EV:  8    Int:  7 (8)  God:
Gold:   59         SH:  0    Dex: 11 (13) Spells: 4/4 levels left

rFire    + . .     SeeInvis .   a - +0 long sword
rCold    + . .     Gourm    .   (no shield)
rNeg     . . .     Faith    .   h - +0 chain mail
rPois    .         Spirit   .   c - +0 helmet
rElec    .         Reflect  .   o - scarf {rC+ rF+}
rCorr    .         Harm     .   (no gloves)
MR       .....                  n - +0 pair of boots
Stlth    ..........             (no amulet)
HPRegen  0.15/turn              (no ring)
MPRegen  0.09/turn              (no ring)

@: mighty, flying
A: no striking features
a: no special abilities


You were on level 4 of the Dungeon.
You were not hungry.

You visited 1 branch of the dungeon, and saw 4 of its levels.

You collected 59 gold pieces.

Inventory:

Hand Weapons
 a - a +0 long sword (weapon)
 b - a +2 short sword of electrocution
Missiles
 d - 2 throwing nets (quivered)
Armour
 c - a +0 helmet (worn)
 h - a +0 chain mail (worn)
 n - a +0 pair of boots (worn)
 o - a scarf of resistance (worn)
Scrolls
 i - 3 scrolls of amnesia {unknown}
 l - a scroll of teleportation {unknown}
 p - a scroll of noise {unknown}
 q - a scroll of magic mapping {unknown}
 s - 2 scrolls of identify {unknown}
Potions
 j - a potion of magic
Comestibles
 f - 4 rations
 m - a chunk of flesh


   Skills:
 - Level 3.3 Fighting
 * Level 4.9 Long Blades
 - Level 1.7 Throwing
 + Level 2.3 Armour
 + Level 3.1 Dodging
 + Level 0.8 Stealth


You had 4 spell levels left.
You didn't know any spells.
Your spell library was empty.

Dungeon Overview and Level Annotations

Branches:
Dungeon (4/15)
 Temple: D:4-7

Altars:

Shops:
D:4 }[


Message History

The gnoll is severely wounded.
The gnoll hits you but does no damage.
Your chain mail prevents you from hitting the gnoll.
The gnoll is severely wounded.
The gnoll closely misses you.
You slice the gnoll!!
You kill the gnoll!
You closely miss the gnoll. The gnoll hits you but does no damage.
You closely miss the gnoll. The gnoll barely misses you.
Your chain mail prevents you from hitting the gnoll.
The gnoll hits you with a +0 flail.
* * * LOW HITPOINT WARNING * * *
You hit the gnoll.
The gnoll is heavily wounded.
The gnoll hits you with a +0 flail.
* * * LOW HITPOINT WARNING * * *
You barely miss the gnoll.
The gnoll is heavily wounded.
The gnoll hits you with a +0 flail!
You die...

#+ #.# ... #.#
...) #.# .....
####.####
....gg##.......#
....!g)........#
....gg##g#...#.#
..... #g##.##.#
.... #@##..#.#
... #)###.#.# #+
#)# #.#.#
#.###.#.#
#.......#
#.#####.###
#......#
#.####.## #.#


You could see 2 gnolls.

Vanquished Creatures
  Jessica (D:2)
  A gnoll shaman (D:4)
  6 gnolls
  An adder (D:2)
  2 oozes
  A worm (D:3)
  2 dart slugs (D:2)
  A leopard gecko (D:2)
  An orc (D:4)
  5 giant cockroaches
  6 goblins
  2 hobgoblins
  8 jackals (D:2)
  4 kobolds
  3 bats
  5 frilled lizards (D:2)
  3 rats
52 creatures vanquished.

Notes
Turn   | Place    | Note
-------+----------+-------------------------------------------
     0 | D:1      | Borgoz the Hill Orc Gladiator began the quest for the Orb.
     0 | D:1      | Reached XP level 1. HP: 18/18 MP: 1/1
   171 | D:1      | Reached XP level 2. HP: 19/25 MP: 2/2
   836 | D:2      | Noticed Jessica
   848 | D:2      | Killed Jessica
   848 | D:2      | Reached skill level 4 in Long Blades
   848 | D:2      | Reached skill level 1 in Armour
   848 | D:2      | Reached XP level 3. HP: 29/31 MP: 3/3
   954 | D:2      | Reached XP level 4. HP: 37/38 MP: 4/4
  1842 | D:4      | Found Fixurphafy's Gadget Shoppe.
  1914 | D:4      | Found Qija's Antique Armour Boutique.
  1992 | D:4      | Reached XP level 5. HP: 45/45 MP: 5/5
  2051 | D:4      | HP: 2/45 [gnoll/+0 flail (1)]
  2052 | D:4      | Mangled by a gnoll

Levels and vault maps discovered:
D:1:      kennysheep_arrival_seaside, layout_basic
D:2:      layout_loops_cross, uniq_jessica
D:3:      layout_basic, overflow_temple_1_default, minmay_misc_feat_tiny,
          kennysheep_donut, fedhas_altar_fruit_tree
D:4:      layout_loops_corners, serial_shops, nicolae_shop_stone,
          nicolae_shop_waterfront, nicolae_shop_crystal, shop,
          nicolae_shop_temple_entry_statues_fountains, serial_forest,
          infiniplex_forest_zigzag_2, infiniplex_forest_zigzag_1,
          infiniplex_forest_lined_3_way, infiniplex_forest_straight_2,
          infiniplex_forest_straight_1, infiniplex_forest_clump_curved,
          uniq_duvessa

Skill      XL: |  1  2  3  4  5 |
---------------+----------------+-----
Fighting       | 3 |  3.3
Long Blades    | 4 |  4.9
Armour         | 1 2 |  2.3
Dodging        | 3 |  3.1
Throwing       | |  1.7
Stealth        | |  0.8

Action                   |  1- 3 |  4- 6 || total
-------------------------+-------+-------++-------
Melee: Long sword        |    66 |    91 ||   157
       Short sword       |       |    16 ||    16
Throw: Throwing net      |       |     2 ||     2
  Use: Potion            |       |     6 ||     6
  Eat: Chunk             |       |     4 ||     4
Armor: Chain mail        |    49 |    53 ||   102
Dodge: Dodged            |    40 |    45 ||    85
       Rpst.: Long sword |    17 |     7 ||    24

Table legend:
 A = Non-vault XP
 B = Vault XP
 C = Vault XP percentage of total XP
 D = Non-vault monster count
 E = Vault monster count
 F = Vault count percentage of total count
                 A         B        C        D         E       F
            +---------+---------+-------+---------+---------+-------
      Total |     227 |      37 |  14.0 |      51 |       1 |   1.9
            +---------+---------+-------+---------+---------+-------
        D:1 |      24 |       0 |   0.0 |      11 |       0 |   0.0
        D:2 |      70 |      37 |  34.6 |      29 |       1 |   3.3
        D:3 |      21 |       0 |   0.0 |       3 |       0 |   0.0
        D:4 |     112 |       0 |   0.0 |       8 |       0 |   0.0
            +---------+---------+-------+---------+---------+-------
